 Dungeon Crawl Stone Soup version 0.29.1-1-gd02db6906a (webtiles) character file.

Game seed: 17064791549683650749

2895 H0rd4k the Martial Artist (level 9, 0/56 HPs)
             Began as an Octopode Transmuter on Oct 20, 2022.
             Was an Initiate of Gozag.
             Shot with an arrow by a centaur (9 damage)
             ... on level 9 of the Dungeon on Oct 21, 2022.
             The game lasted 00:19:21 (11525 turns).

H0rd4k the Martial Artist (Octopode Transmuter)    Turns: 11525, Time: 00:19:22

Health: 0/56       AC:  1    Str:  9    XL:     9   Next: 77%
Magic:  17/17      EV: 14    Int: 20    God:    Gozag
Gold:   44         SH:  0    Dex: 12    Spells: 15/19 levels left

rFire   . . .      SeeInvis .   H - +10 flail "Saittyv" {protect, Stlth+}
rCold   . . .      Faith    .   (no shield)
rNeg    . . .      Spirit   .   (helmet restricted)
rPois   .          Reflect  .   (no amulet)
rElec   .          Harm     .   q - ring of flight
rCorr   .          Rampage  .   (no ring)
Will    .....                   (no ring)
Stlth   +++.......              (no ring)
HPRegen 0.18/turn               (no ring)
MPRegen 0.15/turn               (no ring)
                                (no ring)
                                (no ring)

@: flying
A: almost no armour, amphibious, 8 rings, camouflage 1, gelatinous body 1,
(nimble swimmer 1), tentacles
a: Renounce Religion, Potion Petition, Call Merchant, Bribe Branch


You were on level 9 of the Dungeon.
You worshipped Gozag.
Gozag was noncommittal.
You visited 2 branches of the dungeon, and saw 10 of its levels.
You also visited: Ossuary.

You collected 1047 gold pieces.
You spent 746 gold pieces at shops.
You paid 257 gold pieces to Gozag.

Inventory:

Hand Weapons
 o - a +3 dagger
 p - a +2 dagger of draining
 H - the +10 flail "Saittyv" (weapon) {protect, Stlth+}
   (You bought it in a shop on level 3 of the Dungeon)

   It grants its wielder temporary protection when it strikes (+7 to AC).
   Stlth:     It makes you more stealthy.
Missiles
 h - 7 poisoned darts (quivered)
 s - a throwing net
Jewellery
 q - a ring of flight (left tentacle)
Wands
 e - a wand of digging (4)
 A - a wand of paralysis (3)
 C - a wand of flame (12)
Scrolls
 c - 2 scrolls of vulnerability {unknown}
 f - 2 scrolls of amnesia
 g - 5 scrolls of teleportation
 k - 3 scrolls of fog {unknown}
 l - 3 scrolls of blinking {unknown}
 v - a scroll of enchant weapon {unknown}
 y - 2 scrolls of enchant armour {unknown}
 z - 2 scrolls of brand weapon {unknown}
 B - a scroll of noise {unknown}
 D - a scroll of magic mapping {unknown}
 E - a scroll of identify
 F - a scroll of poison {unknown}
Potions
 a - 3 potions of lignification
 b - a potion of resistance {unknown}
 d - 2 potions of degeneration
 m - a potion of cancellation
 n - 2 potions of berserk rage {unknown}
 r - 3 potions of brilliance {unknown}
 t - 2 potions of attraction
 u - 3 potions of magic {unknown}
 x - a potion of mutation {unknown}
 G - a potion of haste {unknown}


   Skills:
 + Level 3.0 Fighting
 * Level 2.8 Maces & Flails
 + Level 0.8 Throwing
 + Level 4.3 Dodging
 - Level 8.3 Unarmed Combat
 - Level 5.6 Spellcasting
 - Level 6.1 Transmutations
 - Level 3.3 Poison Magic
 + Level 0.7 Evocations


You had 15 spell levels left.
You knew the following spells:

 Your Spells              Type           Power      Damage    Failure   Level
a - Beastly Appendage     Tmut           60%        N/A       1%          1
b - Spider Form           Tmut/Pois      24%        N/A       4%          3

Your spell library contained the following spells:

 Spells                   Type           Power      Damage    Failure   Level
 Wereblood                Tmut           30%        N/A       1%          2
 Ice Form                 Ice/Tmut       17%        N/A       30%         4
 Frozen Ramparts          Ice            10%        1d2       32%         3
 Summon Ice Beast         Ice/Summ       5%         N/A       71%         4


Dungeon Overview and Level Annotations

Branches:
Dungeon (9/15)             Temple (1/1) D:7         Ossuary (visited)
   Lair: D:8-11         Orc: D:9-12

Altars:
Ashenzari
Cheibriados
Dithmenos
Elyvilon
Fedhas
Gozag
Hepliaklqana
Kikubaaqudgha
Makhleb
Nemelex Xobeh
Okawaru
Qazlal
Ru
Sif Muna
Trog
Vehumet
Wu Jian
Xom
Yredelemnul
Zin
The Shining One

Shops:
D:1 [   D:3 ?[([   D:4 [   D:6 *!*   D:8 *

Annotations:
D:3 exclusion: downstairs
D:5 exclusions: downstairs and upstairs
D:6 exclusion: ice beast
D:7 exclusion: hornet
D:8 Amaemon, Pikel, Psyche


Innate Abilities, Weirdness & Mutations

You cannot wear most types of armour.
You are amphibious.
You can wear up to eight rings at the same time.
Your skin changes colour to match your surroundings (Stealth+).
Your rubbery body absorbs attacks. (AC +1, EV +1)
((You are camouflaged when in or above water. (Stealth+)))
You have tentacles for arms and can constrict up to eight enemies at once.


Message History

* * * LOW HITPOINT WARNING * * *
Unknown command.
Okay, then.
Unknown command.
Aiming: Paralyse
Press: ? - help, Shift-Dir - straight line, f/p - orc warrior
Aim: an orc warrior, wielding a +0 halberd and wearing a +0 plate armour (heavily wounded, unable to see you, chance to affect: 50%)
The orc warrior suddenly stops moving!
The orc hits you but does no damage.
Unknown command.
You barely miss the orc. The orc hits you but does no damage.
You sock the orc!
You kill the orc!
The helpless orc warrior fails to defend itself.
You sock the orc warrior!
The orc warrior is severely wounded.
The helpless orc warrior fails to defend itself.
You hit the orc warrior.
The orc warrior is almost dead.
The helpless orc warrior fails to defend itself.
You hit the orc warrior.
You punch the orc warrior, but do no damage.
The orc warrior is almost dead.
The helpless orc warrior fails to defend itself.
You hit the orc warrior.
You kill the orc warrior!
Your Fighting skill increases to level 3!
You cannot move.
Your transformation is almost over.
You flicker for a moment.
You feel less wooden.
You flicker back into view.
A centaur comes into view.
Aiming: Paralyse
Press: ? - help, Shift-Dir - straight line, f - centaur
Aim: a centaur (wandering, hasn't noticed you, chance to affect: 50%)
The centaur shouts!
The centaur resists with some effort.
The centaur wields a +0 shortbow.
The centaur shoots an arrow.
The arrow hits you!
You die...
Your body crumbles into a pile of gold.

.....## ...... # #....
#. #.... #.. #...#######
...##...#.....#
........#.....#
#...'.....# #$@$#.....#
.....'$..#.....#
...c######.....# ...
#..........# ..
#..........#
####'##.<........#
...o.............#######
....................(..#
..........$.#####......#


You could see a centaur.

Vanquished Creatures
  Grinder (D:6)
  Sigmund (D:6)
  4 water moccasins
  2 orc warriors
  2 sky beasts (D:6)
  2 black bears
  2 ogres (D:4)
  A centaur (D:7)
  A lemure (D:8)
  A phantom (D:3)
  A kobold brigand (D:4)
  A bullfrog (D:7)
  A gnoll sergeant (D:7)
  3 scorpions
  3 jellies
  4 hounds
  7 orc priests
  3 iguanas
  2 orc wizards (D:4)
  8 mummies (Ossuary)
  4 gnolls (D:7)
  6 adders
  2 white imps
  An ufetubus (D:4)
  A worm (D:5)
  A dart slug (D:4)
  36 orcs
  5 ball pythons
  7 endoplasms
  4 giant cockroaches
  A gnoll zombie (Ossuary)
  4 goblins
  5 hobgoblins
  11 kobolds
  3 quokkas
  4 bats (D:1)
  8 frilled lizards (D:4)
  2 hobgoblin zombies (Ossuary)
  A kobold zombie (Ossuary)
  4 orc zombies (Ossuary)
  3 rats
163 creatures vanquished.

Vanquished Creatures (others)
  8 plants (D:4)
8 creatures vanquished.

Grand Total: 171 creatures vanquished

Notes
Turn   | Place    | Note
-------+----------+-------------------------------------------
     0 | D:1      | H0rd4k the Octopode Transmuter began the quest for the Orb.
     0 | D:1      | Reached XP level 1. HP: 13/13 MP: 3/3
   388 | D:1      | Found Oreguhan's Armour Emporium.
   492 | D:1      | Reached XP level 2. HP: 18/18 MP: 5/5
  1443 | D:2      | Found a shimmering blue altar of Sif Muna.
  1454 | D:2      | Reached XP level 3. HP: 14/23 MP: 6/6
  1461 | D:2      | Learned a level 3 spell: Spider Form
  1656 | D:2      | Found a faded altar of an unknown god.
  1963 | D:3      | Found Wobusu Peudd's Armour Emporium.
  2039 | D:3      | Found Ydumnuix's Weapon Shop.
  2044 | D:3      | Found Keoqeaso's Armour Boutique.
  2153 | D:3      | Identified the +0 ring mail "Tapuonol" {rCorr Int+2}
  2169 | D:3      | Found Cofag's Magic Scroll Emporium.
  2308 | D:3      | Reached XP level 4. HP: 24/28 MP: 5/7
  2405 | D:3      | Reached skill level 4 in Unarmed Combat
  2537 | D:3      | Found an ornate altar of the Wu Jian Council.
  2717 | D:4      | Found Hehovuyn's Armour Shop.
  2781 | D:4      | Noticed an ogre
  2789 | D:4      | Noticed a phantom
  2796 | D:4      | Killed an ogre
  2797 | D:4      | Reached skill level 1 in Poison Magic
  2797 | D:4      | Reached XP level 5. HP: 33/33 MP: 8/8
  2819 | D:3      | Killed a phantom
  2820 | D:3      | Reached XP level 6. HP: 33/38 MP: 8/10
  2907 | D:4      | Reached skill level 5 in Unarmed Combat
  3318 | D:5      | Entered Level 5 of the Dungeon
  3507 | D:5      | Reached XP level 7. HP: 20/43 MP: 9/11
  3987 | D:5      | Found a sparkling altar of Nemelex Xobeh.
  4997 | D:5      | Reached skill level 6 in Unarmed Combat
  5204 | D:6      | Found Zin's Purification Station.
  5204 | D:6      | Found a glowing silver altar of Zin.
  5206 | D:6      | Noticed Grinder
  5276 | D:6      | Paralysed by Grinder for 5 turns
  5323 | D:6      | Found a hazy altar of Hepliaklqana.
  5406 | D:6      | Found a bloodstained altar of Trog.
  5470 | D:6      | Found a sand-covered staircase.
  5478 | Ossuary  | Entered an ossuary
  5542 | Ossuary  | Reached XP level 8. HP: 39/48 MP: 11/13
  6177 | D:6      | Found Zeanad's Distillery.
  6300 | D:6      | Found Dexer's Serpentskin Sales.
  6519 | D:6      | Found a basalt altar of Yredelemnul.
  6519 | D:6      | Found a shimmering altar of Xom.
  6520 | D:6      | Found a sacrificial altar of Ru.
  6639 | D:6      | Identified the +8 flail of Entrepreneurial Spirit {freeze,
                  | rElec Will- MP+9}
  6728 | D:6      | Noticed Sigmund
  6739 | D:6      | Killed Sigmund
  6813 | D:6      | Killed Grinder
  6814 | D:6      | Reached skill level 7 in Unarmed Combat
  6814 | D:6      | Reached skill level 5 in Transmutations
  7225 | D:6      | Found a shimmering blue altar of Sif Muna.
  7226 | D:6      | Found a snail-covered altar of Cheibriados.
  7275 | D:6      | Reached skill level 5 in Spellcasting
  7275 | D:6      | Reached XP level 9. HP: 28/54 MP: 13/16
  7870 | D:7      | Found a staircase to the Ecumenical Temple.
  7879 | Temple   | Entered the Ecumenical Temple
  8071 | Temple   | Became a worshipper of Gozag Ym Sagoz the Greedy
  8303 | D:8      | Found Jov Foum's Neck Hole.
  8325 | D:8      | Noticed Amaemon
  8341 | D:8      | Identified the +9 quarterstaff of the Crawling Thing
                  | {protect, *Noise Str+3 Dex+2}
  8384 | D:8      | Noticed Pikel
  9121 | D:7      | Noticed a hornet
  9531 | D:4      | Found an iron altar of Okawaru.
  9559 | D:4      | Reached skill level 8 in Unarmed Combat
 10562 | D:3      | Bought the +10 flail "Saittyv" {protect, Stlth+} for 704
                  | gold pieces
 10603 | D:3      | Bought a scroll of teleportation for 42 gold pieces
 10918 | D:6      | Reached skill level 1 in Maces & Flails
 11292 | D:8      | Found a stormy altar of Qazlal.
 11303 | D:8      | Noticed Psyche
 11466 | D:9      | HP: 4/82 [orc warrior/+0 halberd (16)]
 11469 | D:9      | HP: 1/82 [orc warrior/+0 halberd (13)]
 11476 | D:9      | HP: 2/82 [orc warrior/+0 halberd (10)]
 11525 | D:9      | Shot with an arrow by a centaur

Illustrated notes

Levels and vault maps discovered:
D:1:      amcnicky_arrival_gap_in_the_tavern_cellar, layout_basic, serial_shops,
          nicolae_square_shop
D:2:      minmay_chambers_of_twos, layout_loops_cross, basic_altar,
          nicolae_ecumenical_oubliette, feat_on_display
D:3:      layout_loops_ring, lemuel_doored_altar, serial_shops, shop_fountains,
          nicolae_shop_stone, nicolae_square_shop, shop
D:4:      cheibrodos_thug_alley, layout_rooms, mainiacjoe_overflow_catwalk,
          serial_shops, shop, minmay_lizard_king
D:5:      layout_basic, amcnicky_altar_gilded, minmay_misc_feat_nine_boxes
D:6:      layout_loops_ring, mainiacjoe_overflow_alcove_2, zin_purify,
          nicolae_overflow_two_pavilions, gammafunk_temple_overflow_claw,
          mainiacjoe_overflow_six_doors_small, nicolae_ossuary_entry_ruins,
          serial_shops, nicolae_shop_hallway_plus, guppyfry_shop_venom,
          uniq_sigmund, uniq_grinder
D:7:      layout_loops_ring, minmay_temple_entry_trees, serial_rivers,
          chequers_serial_rivers_room_a, chequers_serial_rivers_small_b,
          chequers_serial_rivers_micro_d, chequers_serial_rivers_large_b,
          chequers_serial_rivers_large_a, chequers_serial_rivers_small_3,
          minmay_misc_feat_roman
D:8:      layout_basic, grunt_qazlal_sundering, nicolae_take_the_stairs,
          minmay_strange_pillars, nicolae_shop_sticking_my_neck_out, uniq_pikel,
          uniq_psyche, uniq_amaemon
D:9:      layout_gridville
Temple:   grunt_temple_mini_profane

Skill      XL: |  1  2  3  4  5  6  7  8  9 |
---------------+----------------------------+-----
Unarmed Combat | 4 5 6 7 8 |  8.3
Poison Magic   | 1 2 3 |  3.3
Transmutations | 3 4 5 6 |  6.1
Spellcasting   | 3 5 |  5.6
Dodging        | 3 4 |  4.3
Fighting       | 2 3 |  3.0
Maces & Flails | 2 |  2.8
Throwing       | |  0.8
Evocations     | |  0.7

Action                   |  1- 3 |  4- 6 |  7- 9 || total
-------------------------+-------+-------+-------++-------
Melee: Unarmed           |    79 |    67 |   306 ||   452
       Constrict         |    20 |    15 |    33 ||    68
       Tentacles         |    16 |    19 |    42 ||    77
       Punch             |     1 |     3 |    10 ||    14
       Kick              |     1 |    16 |    18 ||    35
       Flail             |       |       |    29 ||    29
Throw: Dart              |       |    10 |     2 ||    12
 Cast: Beastly Appendage |     1 |     5 |    12 ||    18
       Spider Form       |       |       |    34 ||    34
Evoke: Wand              |       |     3 |     7 ||    10
  Use: Scroll            |       |       |     7 ||     7
       Potion            |       |       |    11 ||    11
 Stab: Sleeping          |     7 |     1 |     3 ||    11
       Paralysed         |       |    14 |    15 ||    29
Armor: Skin              |     8 |     2 |    36 ||    46
Dodge: Dodged            |    44 |    30 |   221 ||   295
